AoeStats
← DANG IT

Arena

509677663Analyzed
1v1 RM · 6d ago on Sep 27, 2026· 39m 52s· 2 players
Game mode
Random Map
Map size
Tiny (2 player)
Population
200
Speed
Normal
Resources
Standard
Victory
Conquest
Starting age
Dark Age
Ending age
Imperial Age
RankedLock teamsTeams togetherTeam positionsShared explorationLock speedFull tech treeHidden civsTurbo modeCheats
Victory
Defeat
🇵🇪 Chinese · Peru
1019
+17
🇪🇸 Franks · Spain
1034
-17
DANG IT
10:10 Feudal Age
16:04 Castle Age
15:24 Double-Bit Axe
15:23 Horse Collar
23:01 Gold Mining
25:32 Wheelbarrow
27:08 Hand Cart
27:15 Bow Saw
27:07 Heavy Plow
31:29 Imperial Age
30:01 Forging
29:57 Scale Barding Armor
30:02 Forging
30:27 Scale Barding Armor
30:24 Scale Mail Armor
30:15 Fletching
30:25 Padded Archer Armor
30:52 Ballistics
32:11 Town Watch
33:04 Iron Casting
32:49 Chain Barding Armor
32:44 Squires
32:08 Pikeman
33:06 Chain Mail Armor
33:12 Husbandry
33:23 Bloodlines
36:19 Cavalier
38:56 Gold Shaft Mining
39:51 Halberdier
Kimik
10:28 Feudal Age
16:19 Castle Age
14:45 Stone Mining
15:03 Double-Bit Axe
15:28 Gold Mining
20:53 Bow Saw
23:09 Wheelbarrow
24:14 Gold Shaft Mining
24:22 Ordonnance Companies
26:09 Hand Cart
26:34 Loom
31:51 Imperial Age
29:48 Scale Mail Armor
30:42 Ballistics
30:32 Husbandry
30:57 Squires
33:37 Chemistry
32:45 Chivalry
32:10 Cavalier
34:23 Conscription
36:24 Scale Barding Armor
36:30 Forging
40:06 Chain Barding Armor
40:22 Iron Casting
Connection lost

Rejoining the realm…

Still unreachable

The connection could not be restored.

Session expired

The server has moved on; the page needs a fresh start.